 Seeded DCSS version 0.30-a0-292-g0f741e3f8e (webtiles) character file.

Game seed: 9700494114414739991 (custom seed)

501 valliere the Shooter (level 6, -1/53 HPs)
             Began as a Minotaur Hunter on Oct 17, 2022.
             Slain by a kobold
             ... wielding a +0 club
              (2 damage)
             ... on level 4 of the Dungeon.
             The game lasted 00:07:18 (2647 turns).

valliere the Shooter (Minotaur Hunter)              Turns: 2647, Time: 00:07:19

Health: -1/53      AC:  5    Str: 18    XL:     6   Next: 95%
Magic:  5/5        EV: 12    Int: 14    God:
Gold:   991        SH:  0    Dex: 11    Spells: 5/5 levels left

rFire   . . .      SeeInvis +    g - +7 triple crossbow of the Cursing Vulture {penet, Str-5 Int+2 SInv}
rCold   + + .      Faith    .    (shield currently unavailable)
rNeg    . . .      Spirit   .    c - +0 leather armour
rPois   .          Reflect  .    u - +2 hat
rElec   .          Harm     .    (no cloak)
rCorr   .          Rampage  .    (no gloves)
Will    .....                    (no boots)
Stlth   +.........               (no amulet)
HPRegen 0.28/turn                f - ring of Gerghu {rC++ Str+8 Int+6 Dex-5 SInv}
MPRegen 0.09/turn                (no ring)

@: no status effects
A: horns 2, retaliatory headbutt
a: no special abilities


You were on level 4 of the Dungeon.
You visited 1 branch of the dungeon, and saw 4 of its levels.

You collected 991 gold pieces.

Inventory:

Hand Weapons
 a - a +0 shortbow
 g - the +7 triple crossbow of the Cursing Vulture (weapon) {penet, Str-5 Int+2 SInv}
   (You acquired it on level 1 of the Dungeon)

   Any ammunition fired by it passes through the targets it hits, potentially
   hitting all targets in its path until it reaches maximum range.
   Str:       It affects your strength (-5).
   Int:       It affects your intelligence (+2).
   SInv:      It lets you see invisible.
Armour
 c - a +0 leather armour (worn)
 k - the +0 scale mail of Duty {Int+3}
   (You found it on level 2 of the Dungeon)

   Int:       It affects your intelligence (+3).
 u - a +2 hat (worn)
Jewellery
 d - a ring of protection from cold
 f - the ring of Gerghu (left hand) {rC++ Str+8 Int+6 Dex-5 SInv}
   (You acquired it on level 1 of the Dungeon)

   [ring of intelligence]

   Str:       It affects your strength (+8).
   Int:       It affects your intelligence (+6).
   Dex:       It affects your dexterity (-5).
   rC:        It greatly protects you from cold.
   SInv:      It lets you see invisible.
 r - a ring of fire
 s - a +6 ring of strength
 y - a +4 ring of evasion
Wands
 x - a wand of paralysis (10)
Scrolls
 b - 2 scrolls of immolation
 e - a scroll of fog {unknown}
 h - a scroll of amnesia {unknown}
 l - 4 scrolls of teleportation {unknown}
 m - 3 scrolls of identify {unknown}
 n - a scroll of vulnerability {unknown}
 o - 2 scrolls of noise {unknown}
 t - a scroll of brand weapon {unknown}
 w - a scroll of magic mapping {unknown}
 B - a scroll of blinking {unknown}
Potions
 i - 3 potions of berserk rage {unknown}
 j - 3 potions of magic {unknown}
 p - a potion of attraction {unknown}
 q - 4 potions of brilliance {unknown}
 v - a potion of haste {unknown}
 z - 2 potions of invisibility {unknown}
 A - a potion of flight {unknown}
 C - a potion of mutation {unknown}


   Skills:
 + Level 4.5 Fighting
 * Level 6.7 Ranged Weapons
 + Level 3.5 Armour
 + Level 4.1 Dodging
 - Level 0.7 Stealth


You had 5 spell levels left.
You didn't know any spells.
Your spell library contained the following spells:

 Spells                   Type           Power      Damage    Failure   Level
 Ensorcelled Hibernation  Hex/Ice        0%         N/A       45%         2


Dungeon Overview and Level Annotations

Branches:
Dungeon (4/15)
 Temple: D:4-7

Altars:
Gozag
Nemelex Xobeh
Wu Jian

Shops:
D:2 (   D:4 :

Annotations:
D:4 Pikel


Innate Abilities, Weirdness & Mutations

You have a pair of horns on your head.
You reflexively headbutt those who attack you in melee.


Message History

Pikel hits you but does no damage.
Fire: g) +7 triple crossbow of the Cursing Vulture {penet, Str-5 Int+2 SInv}
Press: ? - help, Q - select action, (/) - cycle Shift-Dir - straight line, f/p - kobold
Aim: a kobold, wielding a +0 club (59% to hit)
You shoot a bolt. The bolt barely misses Pikel.
The bolt pierces through the jackal!
You kill the jackal!
The bolt closely misses the kobold.
Pikel hits you with a +1 whip of flaming!
Pikel burns you.
Pikel hits you with a +1 whip of flaming.
Pikel burns you.
Unknown command.
Fire: g) +7 triple crossbow of the Cursing Vulture {penet, Str-5 Int+2 SInv}
Press: ? - help, Q - select action, (/) - cycle Shift-Dir - straight line, f - hobgoblin, p - kobold
Aim: a hobgoblin (65% to hit)
You shoot a bolt. The bolt completely misses Pikel.
The bolt barely misses the kobold.
The bolt pierces through the hobgoblin!!
You kill the hobgoblin!
Pikel hits you with a +1 whip of flaming.
* * * LOW HITPOINT WARNING * * *
Pikel burns you.
* * * LOW HITPOINT WARNING * * *
Pikel barely misses you. The kobold barely misses you. You furiously retaliate!
You headbutt the kobold.
A lemure comes into view.
Okay, then.
Fire: g) +7 triple crossbow of the Cursing Vulture {penet, Str-5 Int+2 SInv}
Press: ? - help, Q - select action, (/) - cycle Shift-Dir - straight line, f - lemure
Aim: a lemure (59% to hit)
You shoot a bolt. The bolt pierces through Pikel.
Pikel is severely wounded.
The bolt barely misses the lemure.
The bolt closely misses the lemure.
Pikel hits you with a +1 whip of flaming!
* * * LOW HITPOINT WARNING * * *
Pikel burns you.
* * * LOW HITPOINT WARNING * * *
The kobold hits you with a +0 club.
You die...

.# .## .. 5g # K# .# #
##############.#
.##.#.......@K55.# ###
............K#### ##..
#.#.#..##.### ##..8
####......##.## #....
####........#....##
#..._
#....###≈≈.≈≈#.#..##
#.⌠..
#.####.≈≈≈.≈≈≈###..#####
#..._
#.##...≈≈⌠.⌠≈≈####....†#
#....
#>##.#....∩....##.####.#
##..8


You could see Pikel, 2 lemures and a kobold.

Vanquished Creatures
  Sigmund (D:2)
  2 lemures (D:4)
  A bullfrog (D:4)
  An orc priest (D:4)
  Jessica (D:2)
  An iguana (D:4)
  Natasha (thrice) (D:4)
  3 gnolls (D:2)
  2 adders
  A worm (D:2)
  3 dart slugs
  6 orcs
  2 bats
  2 endoplasms
  4 giant cockroaches
  5 goblins
  7 hobgoblins
  4 jackals
  6 kobolds
  5 quokkas
  5 ball pythons
  8 frilled lizards (D:1)
  2 rats
75 creatures vanquished.

Vanquished Creatures (others)
  5 plants (D:1)
5 creatures vanquished.

Grand Total: 80 creatures vanquished

Notes
Turn   | Place    | Note
-------+----------+-------------------------------------------
     0 | D:1      | valliere the Minotaur Hunter began the quest for the Orb.
     0 | D:1      | Reached XP level 1. HP: 18/18 MP: 0/0
    59 | D:1      | Reached XP level 2. HP: 20/25 MP: 1/1
    91 | D:1      | Reached skill level 1 in Armour
   120 | D:1      | Identified 3 scrolls of acquirement
   120 | D:1      | Acquired the ring of Gerghu {rC++ Str+8 Int+6 Dex-5 SInv}
   122 | D:1      | Acquired the +7 triple crossbow of the Cursing Vulture
                  | {penet, Str-5 Int+2 SInv}
   124 | D:1      | Acquired 800 gold pieces
   305 | D:1      | Reached XP level 3. HP: 30/30 MP: 2/2
   530 | D:2      | Noticed Sigmund
   536 | D:2      | Killed Sigmund
   537 | D:2      | Reached skill level 5 in Ranged Weapons
   537 | D:2      | Reached XP level 4. HP: 37/40 MP: 3/3
   537 | D:2      | Reached XP level 5. HP: 42/46 MP: 4/4
   561 | D:2      | Identified the +0 scale mail of Duty {Int+3}
   862 | D:2      | Noticed Jessica
   866 | D:2      | Killed Jessica
   873 | D:2      | Got Jessica's Papyrus of Beguiling
   903 | D:2      | Reached skill level 6 in Ranged Weapons
  1203 | D:2      | Found Nownom's Weapon Shop.
  1667 | D:3      | Found an ornate altar of the Wu Jian Council.
  1765 | D:3      | Reached XP level 6. HP: 52/52 MP: 5/5
  2085 | D:4      | Noticed Natasha
  2089 | D:4      | Killed Natasha
  2124 | D:4      | Noticed Natasha
  2128 | D:4      | Killed Natasha
  2195 | D:4      | Noticed Natasha
  2201 | D:4      | Killed Natasha
  2335 | D:4      | Found an opulent altar of Gozag.
  2335 | D:4      | Found a sparkling altar of Nemelex Xobeh.
  2503 | D:4      | Found Paozumom's Self-Improvement Boutique.
  2638 | D:4      | Noticed Pikel
  2647 | D:4      | HP: 1/53 [Pikel/+1 whip of flaming (3)]
  2647 | D:4      | Slain by a kobold

Illustrated notes

Levels and vault maps discovered:
D:1:      minmay_arrival_three_doors, layout_rooms, minmay_lizard_king
D:2:      layout_loops_corners, serial_shops, nicolae_diamond_shop,
          kennysheep_jessica_study, uniq_sigmund
D:3:      layout_loops_ring, lemuel_tele_altar, uniq_jessica
D:4:      cheibrodos_thug_alley, layout_loops_ring,
          grunt_temple_overflow_opulence, tgw_fedhas, nicolae_shop_self_help,
          uniq_natasha, uniq_pikel

Skill      XL: |  1  2  3  4  5  6 |
---------------+-------------------+-----
Armour         | 1 2 3 |  3.5
Fighting       | 3 4 |  4.5
Ranged Weapons | 5 6 |  6.7
Dodging        | 3 4 |  4.1
Stealth        | |  0.7

Action                   |  1- 3 |  4- 6 || total
-------------------------+-------+-------++-------
 Fire: Shortbow          |    39 |       ||    39
       Triple crossbow   |    30 |    72 ||   102
  Use: Scroll            |     3 |       ||     3
Armor: Leather armour    |     7 |     3 ||    10
Dodge: Dodged            |    28 |    28 ||    56

Table legend: (Time is in decaauts)
 A = Elapsed time spent in this place.
 B = Non-inter-level travel time spent in this place.
 C = Inter-level travel time spent in this place.
 D = Time resting spent in this place.
 E = Time spent auto-exploring this place.
 F = Levels seen in this place.
 G = Mean time per level.
                   A        B        C        D        E       F      G
               +--------+--------+--------+--------+--------+-----+--------+
         Total |   2772 |   2660 |    112 |      0 |   2189 |   4 |  693.0 |
       Dungeon |   2772 |   2660 |    112 |      0 |   2189 |   4 |  693.0 |
               +--------+--------+--------+--------+--------+-----+--------+

Top non-repeatable levels by time:
     D:2: 1069 daAuts
     D:4: 615 daAuts
     D:3: 599 daAuts
     D:1: 488 daAuts
